AoeStats
← masterSplinter

Golden Pit

508177523Analyzed
1v1 RM · 12d ago on Sep 21, 2026· 43m 7s· 2 players
Game mode
Random Map
Map size
Tiny (2 player)
Population
200
Speed
Normal
Resources
Standard
Victory
Conquest
Starting age
Dark Age
Ending age
Imperial Age
RankedLock teamsTeams togetherTeam positionsShared explorationLock speedFull tech treeHidden civsTurbo modeCheats
Victory
Defeat
🇮🇳 Persians · India
910
+16
🇮🇱 Malay · Israel
908
-16
masterSplinter
0:34 Loom
9:53 Feudal Age
12:11 Horse Collar
12:29 Double-Bit Axe
20:59 Castle Age
20:30 Stone Mining
20:56 Bow Saw
22:31 Forging
24:13 Pikeman
26:15 Wheelbarrow
26:22 Fletching
28:48 Heavy Plow
29:49 Iron Casting
30:12 Gold Mining
31:23 Squires
34:44 Bodkin Arrow
37:42 Padded Archer Armor
40:22 Imperial Age
39:14 Thumb Ring
40:52 Bracer
42:01 Leather Archer Armor
Funesh
6:52 Loom
10:42 Feudal Age
12:38 Wheelbarrow
16:22 Town Watch
19:10 Castle Age
17:31 Double-Bit Axe
20:16 Bloodlines
20:07 Husbandry
20:58 Horse Collar
21:29 Bow Saw
22:46 Stone Mining
25:26 Hand Cart
26:12 Gold Mining
28:24 Stone Shaft Mining
28:13 Heavy Plow
29:08 Gold Shaft Mining
29:28 Town Patrol
30:43 Kamandaran
33:02 Thumb Ring
32:18 Crossbowman
34:34 Fletching
34:44 Padded Archer Armor
36:05 Leather Archer Armor
35:46 Bodkin Arrow
36:14 Ballistics
42:03 Imperial Age
40:14 Forging
40:10 Scale Barding Armor
Connection lost

Rejoining the realm…

Still unreachable

The connection could not be restored.

Session expired

The server has moved on; the page needs a fresh start.